 Dungeon Sprint DCSS version 0.30-a0-778-g2ef04afb54 (webtiles) character file.

Game seed: 2474509354815244032

4516 dialectric the Fetichist (level 10, -1/80 HPs)
             Began as a Demonspawn Artificer on Feb 16, 2023.
             Was the Champion of Qazlal.
             Slain by Sonja
             ... wielding a +0 short sword of distortion
              (17 damage)
             ... in the Dungeon (Sprint IX: "|||||||||||||||||||||||||||||").
             The game lasted 00:05:35 (1006 turns).

dialectric the Fetichist (Demonspawn Artificer)     Turns: 1006, Time: 00:05:36

Health: -1/80      AC: 11    Str: 16    XL:     10   Next: 16%
Magic:  10/10      EV: 17    Int: 15    God:    Qazlal [******]
Gold:   21         SH:  8    Dex: 19    Spells: 9/9 levels left

rFire   . . .      SeeInvis .    o - +2 scimitar (drain)
rCold   . . .      Faith    .    (no shield)
rNeg    . . .      Spirit   .    b - +0 leather armour
rPois   .          Reflect  .    (helmet restricted)
rElec   .          Harm     .    q - +0 cloak
rCorr   .          Rampage  .    d - +0 pair of gloves
Will    .....      NoTele   +    c - +0 pair of boots
Stlth   +                        (no amulet)
HPRegen 0.33/turn                r - +2 ring of evasion
MPRegen 0.12/turn                s - +3 ring of intelligence

@: protected from physical damage, on berserk cooldown, slowed, repel missiles,
very slow
A: antennae 1, thin skeletal structure 2, demonic guardian 2, demonic magic 1
a: Renounce Religion, Upheaval, Elemental Force, Disaster Area


You were in the Dungeon.
You worshipped Qazlal.
Qazlal was exalted by your worship.
You visited 1 branch You collected 21 gold pieces.

Inventory:

Hand Weapons
 l - a +0 short sword
 o - a +2 scimitar of draining (weapon)
Armour
 b - a +0 leather armour (worn)
 c - a +0 pair of boots (worn)
 d - a +0 pair of gloves (worn)
 p - a +0 helmet
 q - a +0 cloak (worn)
Jewellery
 r - a +2 ring of evasion (left hand)
 s - a +3 ring of intelligence (right hand)
Wands
 n - a wand of light (3)
Scrolls
 k - a scroll of blinking
 m - 2 scrolls of amnesia
 u - a scroll of fog
 v - 3 scrolls of identify
 w - 2 scrolls of enchant armour
Potions
 a - a potion of invisibility
 e - a potion of resistance
 f - 5 potions of curing
 g - a potion of heal wounds
 h - 3 potions of haste
 i - 4 potions of magic
 j - a potion of berserk rage
 t - a potion of brilliance


   Skills:
 * Level 7.9 Fighting
 * Level 4.8 Long Blades
 + Level 9.0 Armour
 + Level 6.3 Dodging
 - Level 0.9 Stealth
 + Level 18.7 Evocations


You had 9 spell levels left.
You didn't know any spells.
Your spell library was empty.

Dungeon Overview and Level Annotations

Branches:
Dungeon (1/1)

Altars:
Cheibriados
Dithmenos
Fedhas
Gozag
Hepliaklqana
Kikubaaqudgha
Makhleb
Nemelex Xobeh
Okawaru
Qazlal
Ru
Sif Muna
Trog
Uskayaw
Vehumet
Wu Jian
Xom
Yredelemnul
Jiyva
Lugonu

Annotations:
D Sonja


Innate Abilities, Weirdness & Mutations

You have a pair of small antennae on your head.
You have a moderately thin skeletal structure. (Dex +4, Stealth++)
A demonic guardian rushes to your aid.
Spells you cast may paralyse adjacent enemies.


Message History

Space warps around your hellwing.
Sonja hits your hellwing but does no damage.
Your hellwing blinks!
Unknown command.
Sonja hits your hellwing but does no damage. x2
Your hellwing is devoured by a tear in reality.
Aiming: Bolt of Light
Press: ? - help, Shift-Dir - straight line, f - Sonja
Aim: Sonja, wielding a +0 short sword of distortion and quivering curare-tipped darts (translocational energy, lightly wounded, 40% to hit)
The bolt of light misses Sonja.
Unknown command.
Unknown command.
You completely miss Sonja.
Sonja is lightly wounded.
Your protection from physical attacks is fading.
Sonja casts a spell.
Sonja blinks!
You block Sonja's attack. Sonja barely misses you. Sonja misses you.
Sonja closely misses you. Sonja hits you but does no damage.
Sonja hits you with a +0 short sword of distortion.
You feel more protected from physical attacks.
Sonja throws a curare-tipped dart.
The curare-tipped dart barely misses you.
Sonja attacks as you move away! You block Sonja's attack. x2
Sonja misses you. Sonja barely misses you. You block Sonja's attack.
Sonja misses you.
You hit Sonja. You drain Sonja.
Sonja is moderately wounded.
Sonja shouts, "Hah!
Missed me again!"
You block Sonja's attack. Sonja hits you but does no damage.
Sonja barely misses you. Sonja misses you. x2
Sonja hits you but does no damage. Space warps horribly around you!
* * * LOW HITPOINT WARNING * * *
Sonja completely misses you. Sonja hits you but does no damage.
Space warps around you.
* * * LOW HITPOINT WARNING * * *
Sonja hits you with a +0 short sword of distortion.
* * * LOW HITPOINT WARNING * * *
You feel more protected from physical attacks.
Space warps horribly around you!
You die...

▓)▓.▓.▓.▓
▓)▓.▓'▓.▓{
▓(▓.▓.▓.▓{
▓(▓.▓.▓.▓{
▓.▓.▓.▓.▓{
▓†▓.▓[▓.▓
▓.▓.▓[▓.▓
▓.▓.▓.▓K▓
▓.▓.▓.▓@▓
▓.▓.▓.▓.▓
▓.▓.▓'▓.▓
▓.▓.▓.▓.▓
▓'▓.▓.▓.▓
▓.▓.▓.▓.▓
▓...▓...▓
▓▓▓▓▓▓▓▓▓


You could see Sonja (drained).

Vanquished Creatures
  A cyclops (D)
  An elephant (D)
  A gargoyle (D)
  A komodo dragon (D)
  A blink frog (D)
  2 wyverns (D)
  2 wargs (D)
  A hell hound (D)
  An orc warrior (D)
  4 wolves (D)
  2 bullfrogs (D)
  A howler monkey (D)
  An orc wizard (D)
  An adder (D)
  An ufetubus (D)
  A ball python (D)
  A goblin (D)
  2 quokkas (D)
  A kobold (D)
26 creatures vanquished.

Vanquished Creatures (collateral kills)
  A cyclops (D)
  A cane toad (D)
  A yak (D)
  A shadow (D)
  A wraith (D)
  A vampire mosquito (D)
  A warg (D)
  A water moccasin (D)
  A black bear (D)
  A wolf (D)
  A bullfrog (D)
11 creatures vanquished.

Vanquished Creatures (others)
  An ugly thing (D)
  2 cane toads (D)
  An unseen horror (D)
  3 komodo dragons (D)
  A vampire mosquito (D)
  A hound (D)
  An adder (D)
10 creatures vanquished.

Grand Total: 47 creatures vanquished

Notes
Turn   | Place    | Note
-------+----------+-------------------------------------------
     0 | D        | dialectric the Demonspawn Artificer began the quest for the
                  | Orb.
     0 | D        | Reached XP level 1. HP: 15/15 MP: 1/1
    18 | D        | Reached skill level 4 in Evocations
    33 | D        | Noticed a hound
    33 | D        | Noticed a howler monkey
    45 | D        | Reached skill level 1 in Dodging
    45 | D        | Gained mutation: You have a somewhat thin skeletal
                  | structure. (Dex +2, Stealth+) [demonic ancestry]
    45 | D        | Reached XP level 2. HP: 14/21 MP: 2/2
    52 | D        | Reached skill level 5 in Evocations
    52 | D        | Reached XP level 3. HP: 13/26 MP: 3/3
    53 | D        | Reached skill level 6 in Evocations
    60 | D        | Reached skill level 7 in Evocations
    60 | D        | Gained mutation: Spells you cast may paralyse adjacent
                  | enemies. [demonic ancestry]
    60 | D        | Reached XP level 4. HP: 5/33 MP: 4/4
   177 | D        | Found a snail-covered altar of Cheibriados.
   177 | D        | Found a shadowy altar of Dithmenos.
   177 | D        | Found a blossoming altar of Fedhas.
   177 | D        | Found an opulent altar of Gozag.
   178 | D        | Found a hazy altar of Hepliaklqana.
   179 | D        | Found a viscous altar of Jiyva.
   180 | D        | Found an ancient bone altar of Kikubaaqudgha.
   181 | D        | Found a corrupted altar of Lugonu.
   182 | D        | Found a burning altar of Makhleb.
   183 | D        | Found a sparkling altar of Nemelex Xobeh.
   184 | D        | Found an iron altar of Okawaru.
   185 | D        | Found a stormy altar of Qazlal.
   186 | D        | Found a sacrificial altar of Ru.
   187 | D        | Found a shimmering blue altar of Sif Muna.
   188 | D        | Found a bloodstained altar of Trog.
   189 | D        | Found a hide-covered altar of Uskayaw.
   190 | D        | Found a radiant altar of Vehumet.
   191 | D        | Found an ornate altar of the Wu Jian Council.
   192 | D        | Found a shimmering altar of Xom.
   193 | D        | Found a basalt altar of Yredelemnul.
   213 | D        | Became a worshipper of Qazlal Stormbringer
   248 | D        | Noticed a gargoyle
   248 | D        | Noticed an orc warrior
   248 | D        | Noticed a komodo dragon
   248 | D        | Noticed a wraith
   253 | D        | Killed an unseen horror
   254 | D        | Reached skill level 5 in Armour
   254 | D        | Reached skill level 10 in Evocations
   254 | D        | Reached XP level 5. HP: 39/39 MP: 5/5
   254 | D        | Killed a gargoyle
   254 | D        | Killed an orc warrior
   254 | D        | Reached * piety under Qazlal
   255 | D        | Reached skill level 13 in Evocations
   255 | D        | Gained mutation: A weak demonic guardian rushes to your
                  | aid. [demonic ancestry]
   255 | D        | Reached XP level 6. HP: 47/47 MP: 6/6
   255 | D        | Gained mutation: You have a moderately thin skeletal
                  | structure. (Dex +4, Stealth++) [demonic ancestry]
   255 | D        | Reached XP level 7. HP: 52/52 MP: 7/7
   271 | D        | Killed a wraith
   280 | D        | Noticed a vampire mosquito
   280 | D        | Noticed a shadow
   280 | D        | Noticed a brown ugly thing
   280 | D        | Noticed a cyclops
   280 | D        | Noticed a vampire mosquito
   280 | D        | Noticed a cyclops
   285 | D        | Reached skill level 14 in Evocations
   290 | D        | Killed a vampire mosquito
   297 | D        | Killed a shadow
   297 | D        | Reached ** piety under Qazlal
   298 | D        | Gained mutation: A demonic guardian rushes to your aid.
                  | [demonic ancestry]
   298 | D        | Reached XP level 8. HP: 35/60 MP: 8/8
   307 | D        | Killed a cyclops
   308 | D        | Reached skill level 15 in Evocations
   318 | D        | Killed a cyclops
   319 | D        | Reached skill level 5 in Dodging
   319 | D        | Reached skill level 16 in Evocations
   544 | D        | Noticed a komodo dragon
   544 | D        | Noticed a cane toad
   544 | D        | Noticed a cane toad
   547 | D        | Noticed a cane toad
   557 | D        | Reached *** piety under Qazlal
   560 | D        | Noticed a blink frog
   571 | D        | Reached skill level 5 in Fighting
   571 | D        | Reached XP level 9. HP: 65/68 MP: 9/9
   575 | D        | Killed a cane toad
   576 | D        | Reached skill level 17 in Evocations
   595 | D        | Reached **** piety under Qazlal
   683 | D        | Noticed a komodo dragon
   683 | D        | Noticed an elephant
   684 | D        | Noticed a komodo dragon
   691 | D        | Reached skill level 1 in Long Blades
   694 | D        | Noticed a five-headed hydra
   695 | D        | Reached ***** piety under Qazlal
   696 | D        | Reached skill level 18 in Evocations
   702 | D        | Killed an elephant
   730 | D        | Killed a komodo dragon
   901 | D        | Gained mutation: You have a pair of small antennae on your
                  | head. [demonic ancestry]
   901 | D        | Reached XP level 10. HP: 79/79 MP: 10/10
   908 | D        | Reached ****** piety under Qazlal
   983 | D        | Noticed Sonja
  1006 | D        | Slain by Sonja

Illustrated notes

Levels and vault maps discovered:
D:        linesprint [early_d, line_temple, items_1, d_10, items_2, lair_1,
          lair_end, items_3, orc_1, orc_end, items_4, d_15, swamp_1, shoals_1,
          snake_1, spider_1, d_20, vaults_1, items_5, swamp_end, shoals_end,
          snake_end, spider_end, vaults_end, d_27, items_6, zot_1, zot_end,
          crypt_end, forest_end, elf_end, slime_end, tomb_end, abyss_end,
          pan_hell_end]

Skill      XL: |  1  2  3  4  5  6  7  8  9 10 |
---------------+-------------------------------+-----
Armour         | 2 3 5 6 7 8 9 |  9.0
Evocations     | 4 5 7 10 13 14 16 18 | 18.7
Dodging        | 1 2 3 4 5 6 |  6.3
Fighting       | 2 3 4 5 7 |  7.9
Long Blades    | 3 4 |  4.8
Stealth        | |  0.9

Action                     |  1- 3 |  4- 6 |  7- 9 | 10-12 || total
---------------------------+-------+-------+-------+-------++-------
  Melee: Club              |     8 |       |       |       ||     8
         Short sword       |     5 |       |       |       ||     5
         Scimitar          |       |       |    32 |    14 ||    46
         Punch             |       |       |     1 |       ||     1
  Evoke: Wand              |    13 |     5 |    20 |     4 ||    42
    Use: Potion            |       |     1 |       |     3 ||     4
         Scroll            |       |       |     2 |       ||     2
   Stab: Invisible         |       |       |     1 |       ||     1
 Armour: Leather armour    |     2 |     2 |    13 |     8 ||    25
  Dodge: Dodged            |    10 |     1 |    32 |    29 ||    72
  Block: Other             |       |       |    12 |    12 ||    24

Table legend: (Time is in decaauts)
 A = Elapsed time spent in this place.
 B = Non-inter-level travel time spent in this place.
 C = Inter-level travel time spent in this place.
 D = Time resting spent in this place.
 E = Time spent auto-exploring this place.
 F = Levels seen in this place.
 G = Mean time per level.
                   A        B        C        D        E       F      G
               +--------+--------+--------+--------+--------+-----+--------+
         Total |   1027 |   1027 |      0 |    336 |    209 |   1 | 1027.0 |
       Dungeon |   1027 |   1027 |      0 |    336 |    209 |   1 | 1027.0 |
               +--------+--------+--------+--------+--------+-----+--------+

Top non-repeatable levels by time:
       D: 1027 daAuts
